 Dungeon Crawl Stone Soup version 0.25.1-2-g60ff931df9 (webtiles) character file.

Game seed: 11533097398567109433

37 DildoBatman the Magician (level 3, -1/24 HPs)
             Began as a Formicid Wizard on Oct 31, 2020.
             Slain by a worm (4 damage)
             ... on level 2 of the Dungeon.
             The game lasted 00:03:49 (1545 turns).

DildoBatman the Magician (Formicid Wizard)          Turns: 1545, Time: 00:03:50

Health: -1/24      AC:  3    Str: 11    XL:     3   Next: 62%
Magic:  0/7        EV: 12    Int: 18    God:
Gold:   87         SH:  0    Dex:  9    Spells: 1/8 levels left

rFire    . . .     SeeInvis +   f - +0 mace
rCold    . . .     Gourm    .   (no shield)
rNeg     . . .     Faith    .   a - +0 robe
rPois    .         Spirit   .   (helmet unavailable)
rElec    .         Reflect  .   (no cloak)
rCorr    .         Harm     .   c - +0 pair of gloves
MR       .....                  (no boots)
Stlth    ++........             (no amulet)
HPRegen  0.08/turn              (no ring)
MPRegen  0.10/turn              (no ring)

@: no status effects
A: permanent stasis, dig shafts and tunnels, four strong arms, antennae 3
a: Dig, Shaft Self


You were on level 2 of the Dungeon.
You were hungry.

You visited 1 branch of the dungeon, and saw 2 of its levels.

You collected 87 gold pieces.

Inventory:

Hand Weapons
 d - a +0 club
 f - a +0 mace (weapon)
Missiles
 b - 43 stones (quivered)
 l - 11 arrows
Armour
 a - a +0 robe (worn)
 c - a +0 pair of gloves (worn)
Jewellery
 h - an uncursed amulet of magic regeneration {unknown}
Scrolls
 e - 2 scrolls of identify {unknown}
 g - 2 scrolls of enchant weapon {unknown}
 i - 4 scrolls of remove curse {unknown}
 j - 2 scrolls of teleportation {unknown}
Potions
 k - a potion of mutation {unknown}
Comestibles
 m - 2 chunks of flesh
 v - 5 rations


   Skills:
 - Level 1.7 Dodging
 - Level 2.4 Stealth
 - Level 3.2 Spellcasting
 * Level 2.9 Conjurations
   Level 1.0 Summonings
   Level 0.8 Translocations


You had one spell level left.
You knew the following spells:

 Your Spells              Type           Power        Failure   Level  Hunger
a - Conjure Flame         Conj/Fire      #.......     26%         3    ###....
c - Magic Dart            Conj           ##..         4%          1    None
e - Mephitic Cloud        Conj/Pois/Air  #.......     32%         3    ###....

Your spell library contained the following spells:

 Spells                   Type           Power        Failure   Level  Hunger
 Call Imp                 Summ           #.......     16%         2    ##.....
 Slow                     Hex            #.......     24%         2    ##.....
 Blink                    Tloc           Unusable     N/A         2    N/A

Dungeon Overview and Level Annotations

Branches:
Dungeon (2/15)

Altars:


Innate Abilities, Weirdness & Mutations

You cannot be hasted, slowed, berserked, paralysed or teleported.
You can dig through walls and to a lower floor.
Your four strong arms can wield two-handed weapons with a shield.
You have a pair of large antennae on your head. (SInv)


Message History

The worm is severely wounded.
You are feeling hungry.
The worm closely misses you.
You sock the worm!
The worm is almost dead.
You barely miss the worm.
The worm is almost dead.
The worm bites you.
You hit the worm but do no damage.
The worm is almost dead.
The worm bites you!
Casting: Magic Dart (safe; 4% risk of failure)
Confirm with . or Enter, or press ? or * to list all spells.
Aiming: Magic Dart (safe; 4% risk of failure)
Press: ? - help, Shift-Dir - straight line, f/p - worm
Aim: a worm (almost dead)
The magic dart hits the worm.
The worm is almost dead.
The worm bites you.
You die...

##.....## ###. #.
##.......# #. #.
.........# #.
###.###.......# #.
.....##......########.
#... ##............#.
{ #..######...[.......
{{
#.w.#####.#######.##
#@......# #.# {{{
##..##### #.# { #..##
#######.# { ##...#
#.......# ###....#
#.####### { {#....>.#
#.# ##......# #w#
#....##.# #.#
.....##%##.# #.####


You could see a worm.

Vanquished Creatures
  An ooze (D:1)
  A worm (D:2)
  2 dart slugs
  A leopard gecko (D:2)
  A ball python (D:1)
  A giant cockroach (D:1)
  A goblin (D:1)
  3 hobgoblins
  2 jackals (D:2)
  5 bats
  3 frilled lizards (D:1)
  A kobold (D:1)
  5 rats
27 creatures vanquished.

Notes
Turn   | Place    | Note
-------+----------+-------------------------------------------
     0 | D:1      | DildoBatman the Formicid Wizard began the quest for the
                  | Orb.
     0 | D:1      | Reached XP level 1. HP: 13/13 MP: 4/4
   102 | D:1      | Reached skill level 1 in Conjurations
   239 | D:1      | Reached XP level 2. HP: 6/19 MP: 0/6
   450 | D:1      | You fall into a shaft and drop 1 floor!
   688 | D:1      | Reached XP level 3. HP: 22/24 MP: 2/7
   712 | D:1      | Learned a level 3 spell: Conjure Flame
   716 | D:1      | Learned a level 3 spell: Mephitic Cloud
  1545 | D:2      | Slain by a worm

Illustrated notes

Levels and vault maps discovered:
D:1:      wander_arrival_estate, layout_basic, minivault_25
D:2:      cheibrodos_greedy_goblins, layout_loops_ring,
          nicolae_overflow_crystal_walls

Skill      XL: |  1  2 |
---------------+-------+-----
Conjurations   | 1 2 |  2.9
Dodging        | |  1.7
Stealth        | |  2.4
Spellcasting   | |  3.2
Summonings     | |  1.0
Translocations | |  0.8

Action                   || total
-------------------------++-------
Melee: Club              ||    21
       Mace              ||    12
 Cast: Magic Dart        ||    79
 Abil: Dig               ||     4
 Stab: Sleeping          ||     1
  Eat: Chunk             ||     2
Armor: Robe              ||     3
Dodge: Dodged            ||    38
